[ AOE2 MATCH · #474024752 ]
Team RMHindustanis vs Magyars
[ REPLAY ANALYSIS · EXTRACTED FROM THE RECORDED GAME ]
Feudal
12:00
Castle
15:33
Imperial
29:37
| APM avg | 18.5 |
| APM peak | 53 |
| eAPM avg | 14.4 |
| Villagers / military | 143 / 56 |
Focus
⚔️ 17.9% · 🌾 82.1%
Camel Scout ×43 · Bombard Cannon ×13
Feudal
10:32
Castle
—
Imperial
—
| APM avg | 6.7 |
| APM peak | 58 |
| eAPM avg | 3.4 |
| Villagers / military | 30 / 4 |
Focus
⚔️ 9.6% · 🌾 90.4%
Militia ×4
Feudal
11:08
Castle
14:52
Imperial
29:52
| APM avg | 25.4 |
| APM peak | 107 |
| eAPM avg | 14.2 |
| Villagers / military | 150 / 44 |
Focus
⚔️ 23.3% · 🌾 76.7%
Longbowman ×36 · Spearman ×6 · Monk ×2
Feudal
11:05
Castle
—
Imperial
—
| APM avg | 10.2 |
| APM peak | 72 |
| eAPM avg | 5.4 |
| Villagers / military | 83 / 0 |
Focus
⚔️ 14.4% · 🌾 85.6%
Feudal
11:13
Castle
—
Imperial
—
| APM avg | 10.6 |
| APM peak | 67 |
| eAPM avg | 3.2 |
| Villagers / military | 22 / 0 |
Focus
⚔️ 5.6% · 🌾 94.4%
Feudal
10:14
Castle
17:07
Imperial
29:09
| APM avg | 15.9 |
| APM peak | 47 |
| eAPM avg | 8.9 |
| Villagers / military | 93 / 40 |
Focus
⚔️ 18.7% · 🌾 81.3%
Knight ×18 · Tarkan ×18 · Monk ×2 · Trebuchet (Packed) ×2
Feudal
11:16
Castle
15:32
Imperial
30:27
| APM avg | 23.7 |
| APM peak | 62 |
| eAPM avg | 14.6 |
| Villagers / military | 128 / 0 |
Focus
⚔️ 9.2% · 🌾 90.8%
Feudal
11:04
Castle
15:12
Imperial
28:38
| APM avg | 17.3 |
| APM peak | 49 |
| eAPM avg | 12.7 |
| Villagers / military | 122 / 53 |
Focus
⚔️ 21.1% · 🌾 78.9%
Fire Lancer ×41 · Spearman ×5 · Battering Ram ×5 · Trebuchet (Packed) ×2
Match map
Initial resources + every placement click. Lines = walls · curves = elevation contours. ◆ gold · ⬟ stone · ● berries · ✦ relic · ◌ wall gap
Your base· ✓ Closed at 15:33 · 0t walls · 2 gate(s)
HAWK9196's base· ✓ Closed at 12:00 · 0t walls · 2 gate(s)
网红宝马一哥's base· ✓ Closed at 14:52 · 0t walls · 2 gate(s)
fatmuddybear's base· ✓ Closed at 12:07 · 0t walls · 3 gate(s)
cas's base· ✓ Closed at 11:14 · 0t walls · 3 gate(s)
大葫芦宝's base· ✓ Closed at 17:07 · 0t walls · 3 gate(s)
Zatch's base· ✓ Closed at 15:32 · 0t walls · 2 gate(s)
马大帅's base· ✓ Closed at 15:12 · 0t walls · 2 gate(s)
Smoothed initial terrain · ◌ = detected wall gap · hover for details
Inputs per minute
— 擎天柱 - - HAWK9196
Build order — 擎天柱
First 150 of 344 actions detected
| 0:13 | Build | House |
| 0:14 | Build | House |
| 0:15 | Create | Villager (Male) |
| 0:15 | Create | Villager (Male) |
| 0:16 | Create | Villager (Male) |
| 0:16 | Create | Villager (Male) |
| 0:16 | Create | Villager (Male) |
| 0:16 | Create | Villager (Male) |
| 1:35 | Create | Villager (Male) |
| 1:58 | Create | Villager (Male) |
| 1:58 | Create | Villager (Male) |
| 1:59 | Create | Villager (Male) |
| 2:01 | Build | Lumber Camp |
| 2:24 | Create | Villager (Male) |
| 2:24 | Create | Villager (Male) |
| 2:50 | Create | Villager (Male) |
| 3:11 | Create | Villager (Male) |
| 3:11 | Create | Villager (Male) |
| 3:11 | Create | Villager (Male) |
| 3:41 | Build | House |
| 3:42 | Build | House |
| 3:45 | Create | Villager (Male) |
| 3:46 | Create | Villager (Male) |
| 4:25 | Build | Mill |
| 4:35 | Create | Villager (Male) |
| 4:36 | Create | Villager (Male) |
| 4:36 | Create | Villager (Male) |
| 4:51 | Build | House |
| 4:59 | Create | Villager (Male) |
| 5:30 | Create | Villager (Male) |
| 5:30 | Create | Villager (Male) |
| 5:30 | Create | Villager (Male) |
| 6:22 | Create | Villager (Male) |
| 6:22 | Create | Villager (Male) |
| 6:23 | Create | Villager (Male) |
| 6:47 | Build | Mill |
| 7:17 | Create | Villager (Male) |
| 7:18 | Create | Villager (Male) |
| 7:18 | Create | Villager (Male) |
| 7:19 | Create | Villager (Male) |
| 7:47 | Create | Villager (Male) |
| 7:47 | Create | Villager (Male) |
| 9:10 | Build | Farm |
| 9:15 | Research | Feudal Age |
| 9:30 | Build | Mining Camp |
| 10:04 | Build | Farm |
| 10:15 | Build | Farm |
| 10:21 | Build | Farm |
| 10:38 | Create | Villager (Male) |
| 10:39 | Create | Villager (Male) |
| 12:00 | Age | Feudal Age |
| 12:03 | Build | Market |
| 12:06 | Build | Blacksmith |
| 12:31 | Build | Farm |
| 12:53 | Research | Castle Age |
| 13:53 | Build | House |
| 13:54 | Build | House |
| 13:56 | Build | House |
| 13:58 | Build | House |
| 13:59 | Build | House |
| 14:01 | Build | House |
| 14:06 | Build | House |
| 14:15 | Build | Farm |
| 14:18 | Build | Farm |
| 14:22 | Build | Farm |
| 14:49 | Create | Villager (Male) |
| 14:50 | Create | Villager (Male) |
| 14:51 | Create | Villager (Male) |
| 14:52 | Create | Villager (Male) |
| 15:33 | Age | Castle Age |
| 15:36 | Build | Town Center |
| 15:42 | Build | Town Center |
| 15:44 | Create | Villager (Male) |
| 15:45 | Create | Villager (Male) |
| 16:05 | Research | Double-Bit Axe |
| 16:16 | Create | Villager (Male) |
| 16:16 | Create | Villager (Male) |
| 16:32 | Research | Bow Saw |
| 16:44 | Research | Horse Collar |
| 17:00 | Create | Villager (Male) |
| 17:01 | Create | Villager (Male) |
| 17:02 | Create | Villager (Male) |
| 17:06 | Create | Villager (Male) |
| 17:06 | Create | Villager (Male) |
| 17:07 | Create | Villager (Male) |
| 17:07 | Create | Villager (Male) |
| 17:10 | Research | Wheelbarrow |
| 17:20 | Build | House |
| 17:22 | Build | House |
| 17:31 | Research | Heavy Plow |
| 17:38 | Build | Farm |
| 17:54 | Build | Farm |
| 18:15 | Build | House |
| 18:18 | Create | Villager (Male) |
| 18:19 | Create | Villager (Male) |
| 18:42 | Create | Villager (Male) |
| 18:42 | Create | Villager (Male) |
| 18:51 | Build | Town Center |
| 18:54 | Create | Villager (Male) |
| 18:54 | Create | Villager (Male) |
| 19:03 | Build | Farm |
| 19:04 | Build | Farm |
| 19:08 | Build | Farm |
| 19:11 | Create | Villager (Male) |
| 19:11 | Create | Villager (Male) |
| 19:11 | Create | Villager (Male) |
| 19:15 | Build | House |
| 19:18 | Build | House |
| 19:30 | Build | Farm |
| 19:36 | Build | Farm |
| 19:40 | Build | Farm |
| 19:47 | Build | Farm |
| 19:48 | Create | Villager (Male) |
| 19:49 | Create | Villager (Male) |
| 19:58 | Build | Farm |
| 19:59 | Create | Villager (Male) |
| 19:59 | Create | Villager (Male) |
| 20:05 | Build | Farm |
| 20:09 | Create | Villager (Male) |
| 20:10 | Create | Villager (Male) |
| 20:14 | Create | Villager (Male) |
| 20:20 | Build | House |
| 20:22 | Build | House |
| 20:23 | Build | House |
| 20:24 | Build | House |
| 20:34 | Build | Farm |
| 20:38 | Build | Farm |
| 20:47 | Build | Farm |
| 20:51 | Build | Farm |
| 20:55 | Create | Villager (Male) |
| 20:56 | Create | Villager (Male) |
| 20:56 | Create | Villager (Male) |
| 20:57 | Create | Villager (Male) |
| 20:57 | Create | Villager (Male) |
| 20:58 | Create | Villager (Male) |
| 21:07 | Build | Farm |
| 21:09 | Build | Farm |
| 21:10 | Create | Villager (Male) |
| 21:10 | Create | Villager (Male) |
| 21:11 | Create | Villager (Male) |
| 21:14 | Create | Villager (Male) |
| 21:15 | Create | Villager (Male) |
| 21:25 | Create | Villager (Male) |
| 21:26 | Create | Villager (Male) |
| 21:33 | Build | Town Center |
| 21:39 | Build | Farm |
| 21:44 | Build | Farm |
| 21:48 | Build | Farm |
| 21:52 | Create | Villager (Male) |
| 21:52 | Create | Villager (Male) |
Build order — HAWK9196
44 actions detected in the replay
| 0:01 | Create | Villager (Male) |
| 0:01 | Create | Villager (Male) |
| 0:02 | Create | Villager (Male) |
| 0:02 | Create | Villager (Male) |
| 0:03 | Build | House |
| 0:05 | Build | House |
| 0:39 | Research | Loom |
| 1:23 | Create | Villager (Male) |
| 1:23 | Create | Villager (Male) |
| 1:50 | Build | Lumber Camp |
| 1:58 | Create | Villager (Male) |
| 1:58 | Create | Villager (Male) |
| 1:58 | Create | Villager (Male) |
| 2:37 | Create | Villager (Male) |
| 2:50 | Create | Villager (Male) |
| 2:50 | Create | Villager (Male) |
| 3:25 | Build | House |
| 3:35 | Build | House |
| 3:45 | Create | Villager (Male) |
| 3:45 | Create | Villager (Male) |
| 3:46 | Create | Villager (Male) |
| 3:46 | Create | Villager (Male) |
| 4:28 | Create | Villager (Male) |
| 4:28 | Create | Villager (Male) |
| 5:07 | Create | Villager (Male) |
| 5:07 | Create | Villager (Male) |
| 5:07 | Create | Villager (Male) |
| 5:53 | Build | Mill |
| 6:10 | Create | Villager (Male) |
| 6:10 | Create | Villager (Male) |
| 6:55 | Create | Villager (Male) |
| 7:42 | Build | House |
| 7:47 | Create | Villager (Male) |
| 8:07 | Build | Mining Camp |
| 8:16 | Research | Feudal Age |
| 9:02 | Build | Barracks |
| 9:35 | Create | Villager (Male) ×5 |
| 9:56 | Build | House |
| 9:58 | Build | House |
| 10:04 | Create | Militia ×4 |
| 10:32 | Age | Feudal Age |
| 10:35 | Research | Double-Bit Axe |
| 10:39 | Research | Man-at-Arms (upgrade) |
| 11:10 | Build | Watch Tower |
Build order — 网红宝马一哥
First 150 of 329 actions detected
| 0:06 | Build | House |
| 0:09 | Build | House |
| 0:09 | Create | Villager (Male) |
| 0:09 | Create | Villager (Male) |
| 0:10 | Create | Villager (Male) |
| 0:10 | Create | Villager (Male) |
| 1:18 | Create | Villager (Male) |
| 1:18 | Create | Villager (Male) |
| 1:54 | Build | Lumber Camp |
| 1:57 | Create | Villager (Male) |
| 2:31 | Create | Villager (Male) |
| 2:31 | Create | Villager (Male) |
| 2:50 | Create | Villager (Male) |
| 2:51 | Create | Villager (Male) |
| 3:33 | Build | House |
| 3:46 | Create | Villager (Male) |
| 4:05 | Build | Mill |
| 4:14 | Create | Villager (Male) |
| 4:14 | Create | Villager (Male) |
| 4:14 | Create | Villager (Male) |
| 4:43 | Create | Villager (Male) |
| 4:47 | Build | House |
| 5:02 | Create | Villager (Male) |
| 5:48 | Create | Villager (Male) |
| 5:48 | Create | Villager (Male) |
| 6:17 | Create | Villager (Male) |
| 6:20 | Create | Villager (Male) |
| 6:20 | Create | Villager (Male) |
| 7:29 | Create | Villager (Male) |
| 8:13 | Build | Mining Camp |
| 8:33 | Create | Villager (Male) |
| 8:35 | Research | Feudal Age |
| 9:00 | Build | House |
| 9:06 | Build | Farm |
| 10:23 | Create | Villager (Male) |
| 10:23 | Create | Villager (Male) |
| 10:30 | Build | Farm |
| 10:35 | Build | Farm |
| 11:08 | Age | Feudal Age |
| 11:14 | Build | Blacksmith |
| 11:18 | Build | Market |
| 12:05 | Research | Double-Bit Axe |
| 12:12 | Research | Castle Age |
| 12:38 | Research | Horse Collar |
| 12:38 | Research | Horse Collar |
| 13:05 | Build | Lumber Camp |
| 13:44 | Create | Villager (Male) |
| 13:51 | Build | House |
| 13:52 | Build | House |
| 14:00 | Build | Farm |
| 14:01 | Build | Farm |
| 14:07 | Build | Farm |
| 14:23 | Build | Farm |
| 14:52 | Age | Castle Age |
| 14:53 | Create | Villager (Male) |
| 14:59 | Build | Town Center |
| 15:15 | Build | Town Center |
| 15:40 | Build | House |
| 15:41 | Build | House |
| 15:44 | Create | Villager (Male) |
| 15:44 | Create | Villager (Male) |
| 16:02 | Create | Villager (Male) |
| 16:05 | Build | Farm |
| 16:06 | Build | Farm |
| 16:33 | Create | Villager (Male) |
| 16:33 | Create | Villager (Male) |
| 16:45 | Create | Villager (Male) |
| 16:45 | Create | Villager (Male) |
| 16:46 | Create | Villager (Male) |
| 16:52 | Build | Farm |
| 16:53 | Build | Farm |
| 16:54 | Build | Farm |
| 17:00 | Create | Villager (Male) |
| 17:01 | Create | Villager (Male) |
| 17:04 | Build | Farm |
| 17:10 | Build | Farm |
| 17:14 | Create | Villager (Male) |
| 17:14 | Create | Villager (Male) |
| 17:32 | Create | Villager (Male) |
| 17:32 | Create | Villager (Male) |
| 17:41 | Build | Farm |
| 17:43 | Build | Farm |
| 17:54 | Create | Villager (Male) |
| 17:54 | Create | Villager (Male) |
| 17:59 | Build | Farm |
| 18:01 | Build | Farm |
| 18:08 | Build | Farm |
| 18:12 | Create | Villager (Male) |
| 18:12 | Create | Villager (Male) |
| 18:23 | Create | Villager (Male) |
| 18:23 | Create | Villager (Male) |
| 18:29 | Build | House |
| 18:41 | Build | Farm |
| 18:43 | Build | Farm |
| 18:46 | Build | Farm |
| 18:49 | Build | Farm |
| 18:54 | Create | Villager (Male) |
| 18:54 | Create | Villager (Male) |
| 19:07 | Build | Farm |
| 19:10 | Create | Villager (Male) |
| 19:10 | Create | Villager (Male) |
| 19:10 | Create | Villager (Male) |
| 19:21 | Research | Wheelbarrow |
| 19:37 | Create | Villager (Male) |
| 19:38 | Create | Villager (Male) |
| 19:44 | Build | Farm |
| 19:45 | Build | Farm |
| 20:12 | Create | Villager (Male) |
| 20:13 | Create | Villager (Male) |
| 20:13 | Create | Villager (Male) |
| 20:28 | Create | Villager (Male) |
| 20:28 | Create | Villager (Male) |
| 20:33 | Build | Farm |
| 20:35 | Build | Farm |
| 20:36 | Build | Farm |
| 20:37 | Build | Farm |
| 21:03 | Build | Town Center |
| 21:07 | Create | Villager (Male) |
| 21:07 | Create | Villager (Male) |
| 21:08 | Create | Villager (Male) |
| 21:10 | Research | Bow Saw |
| 21:17 | Research | Hand Cart |
| 21:28 | Research | Gold Mining |
| 21:30 | Create | Villager (Male) |
| 21:31 | Create | Villager (Male) |
| 21:40 | Create | Villager (Male) |
| 21:41 | Create | Villager (Male) |
| 21:47 | Build | Farm |
| 21:51 | Build | Farm |
| 21:55 | Build | Farm |
| 21:56 | Create | Villager (Male) |
| 21:56 | Create | Villager (Male) |
| 22:08 | Build | House |
| 22:25 | Research | Heavy Plow |
| 22:33 | Create | Villager (Male) |
| 22:33 | Create | Villager (Male) |
| 22:34 | Create | Villager (Male) |
| 22:35 | Create | Villager (Male) |
| 22:35 | Create | Villager (Male) |
| 22:46 | Build | House |
| 22:46 | Build | House |
| 22:46 | Build | House |
| 22:46 | Build | House |
| 22:53 | Create | Villager (Male) |
| 22:53 | Create | Villager (Male) |
| 22:59 | Build | Farm |
| 23:02 | Research | Stone Mining |
| 23:07 | Research | Gold Shaft Mining |
| 23:10 | Create | Villager (Male) |
| 23:10 | Create | Villager (Male) |
Build order — fatmuddybear
82 actions detected in the replay
| 0:02 | Create | Villager (Male) |
| 0:02 | Create | Villager (Male) |
| 0:02 | Create | Villager (Male) |
| 0:02 | Create | Villager (Male) |
| 0:03 | Build | House |
| 0:06 | Build | House |
| 1:31 | Build | Mill |
| 1:38 | Create | Villager (Male) |
| 1:39 | Create | Villager (Male) |
| 1:39 | Create | Villager (Male) |
| 2:13 | Create | Villager (Male) |
| 2:13 | Create | Villager (Male) |
| 2:14 | Create | Villager (Male) |
| 2:33 | Create | Villager (Male) |
| 2:33 | Create | Villager (Male) |
| 2:33 | Create | Villager (Male) |
| 2:48 | Build | House |
| 2:59 | Create | Villager (Male) |
| 2:59 | Create | Villager (Male) |
| 3:00 | Create | Villager (Male) |
| 3:28 | Create | Villager (Male) |
| 3:28 | Create | Villager (Male) |
| 3:28 | Create | Villager (Male) |
| 3:34 | Create | Villager (Male) |
| 3:35 | Create | Villager (Male) |
| 3:35 | Create | Villager (Male) |
| 3:56 | Create | Villager (Male) |
| 3:57 | Create | Villager (Male) |
| 3:57 | Create | Villager (Male) |
| 4:03 | Create | Villager (Male) |
| 4:03 | Create | Villager (Male) |
| 4:37 | Create | Villager (Male) |
| 4:38 | Create | Villager (Male) |
| 4:38 | Create | Villager (Male) |
| 4:39 | Create | Villager (Male) |
| 4:47 | Build | Lumber Camp |
| 5:07 | Create | Villager (Male) |
| 5:08 | Create | Villager (Male) |
| 5:08 | Create | Villager (Male) |
| 5:21 | Create | Villager (Male) |
| 5:26 | Create | Villager (Male) |
| 5:26 | Create | Villager (Male) |
| 5:26 | Create | Villager (Male) |
| 5:40 | Build | House |
| 5:48 | Create | Villager (Male) |
| 5:48 | Create | Villager (Male) |
| 5:48 | Create | Villager (Male) |
| 6:07 | Create | Villager (Male) |
| 6:08 | Create | Villager (Male) |
| 6:08 | Create | Villager (Male) |
| 6:11 | Create | Villager (Male) |
| 6:11 | Create | Villager (Male) |
| 6:11 | Create | Villager (Male) |
| 6:12 | Create | Villager (Male) |
| 6:24 | Build | Mill |
| 6:39 | Create | Villager (Male) |
| 6:40 | Create | Villager (Male) |
| 6:40 | Create | Villager (Male) |
| 6:40 | Create | Villager (Male) |
| 8:05 | Create | Villager (Male) |
| 8:05 | Create | Villager (Male) |
| 8:50 | Research | Feudal Age |
| 9:07 | Build | House |
| 9:10 | Build | House |
| 10:36 | Create | Villager (Male) ×5 |
| 10:36 | Create | Villager (Male) ×5 |
| 10:36 | Create | Villager (Male) ×5 |
| 10:36 | Create | Villager (Male) ×5 |
| 10:37 | Create | Villager (Male) ×5 |
| 10:37 | Create | Villager (Male) ×3 |
| 11:05 | Age | Feudal Age |
| 11:06 | Research | Double-Bit Axe |
| 11:06 | Research | Double-Bit Axe |
| 11:06 | Research | Double-Bit Axe |
| 11:11 | Build | Market |
| 11:20 | Build | Blacksmith |
| 11:35 | Build | Farm |
| 11:38 | Build | Farm |
| 11:42 | Build | Farm |
| 11:45 | Build | Farm |
| 11:56 | Create | Villager (Male) |
| 12:07 | Research | Castle Age |
Build order — cas
42 actions detected in the replay
| 0:02 | Create | Villager (Male) |
| 0:03 | Create | Villager (Male) |
| 0:03 | Create | Villager (Male) |
| 0:03 | Create | Villager (Male) |
| 0:04 | Create | Villager (Male) |
| 0:05 | Build | House |
| 0:06 | Build | House |
| 1:28 | Create | Villager (Male) |
| 1:54 | Build | Lumber Camp |
| 1:55 | Create | Villager (Male) |
| 2:26 | Create | Villager (Male) |
| 2:57 | Create | Villager (Male) |
| 3:05 | Build | House |
| 3:24 | Create | Villager (Male) |
| 3:48 | Create | Villager (Male) |
| 4:18 | Create | Villager (Male) |
| 4:35 | Build | House |
| 4:36 | Create | Villager (Male) |
| 4:50 | Build | Mill |
| 5:02 | Create | Villager (Male) |
| 5:43 | Create | Villager (Male) |
| 5:43 | Create | Villager (Male) |
| 5:56 | Create | Villager (Male) |
| 6:20 | Build | Mill |
| 6:22 | Create | Villager (Male) |
| 6:40 | Create | Villager (Male) |
| 6:40 | Create | Villager (Male) |
| 7:38 | Build | Mining Camp |
| 7:54 | Create | Villager (Male) |
| 7:57 | Create | Villager (Male) |
| 8:59 | Research | Feudal Age |
| 9:12 | Build | Farm |
| 9:21 | Build | Farm |
| 9:32 | Build | Farm |
| 10:15 | Build | Farm |
| 10:44 | Build | Farm |
| 11:13 | Age | Feudal Age |
| 11:14 | Research | Castle Age |
| 11:23 | Build | House |
| 11:35 | Research | Double-Bit Axe |
| 12:37 | Build | Stable |
| 12:48 | Build | House |
Build order — 大葫芦宝
First 150 of 201 actions detected
| 0:06 | Create | Villager (Male) |
| 0:06 | Create | Villager (Male) |
| 0:06 | Create | Villager (Male) |
| 0:06 | Create | Villager (Male) |
| 0:07 | Create | Villager (Male) |
| 1:35 | Create | Villager (Male) |
| 2:01 | Create | Villager (Male) |
| 2:37 | Create | Villager (Male) |
| 3:04 | Create | Villager (Male) |
| 3:12 | Create | Villager (Male) |
| 3:12 | Create | Villager (Male) |
| 4:01 | Build | Mill |
| 4:05 | Create | Villager (Male) |
| 4:06 | Create | Villager (Male) |
| 4:33 | Create | Villager (Male) |
| 5:21 | Create | Villager (Male) |
| 5:47 | Create | Villager (Male) |
| 5:47 | Create | Villager (Male) |
| 5:48 | Create | Villager (Male) |
| 5:48 | Create | Villager (Male) |
| 6:16 | Build | Lumber Camp |
| 8:04 | Research | Feudal Age |
| 10:14 | Age | Feudal Age |
| 10:16 | Research | Double-Bit Axe |
| 10:26 | Create | Villager (Male) |
| 10:26 | Create | Villager (Male) |
| 10:26 | Create | Villager (Male) |
| 10:31 | Build | Blacksmith |
| 10:57 | Build | Barracks |
| 11:19 | Build | Mining Camp |
| 11:26 | Build | Farm |
| 11:27 | Build | Farm |
| 11:29 | Build | Farm |
| 11:30 | Build | Farm |
| 11:31 | Build | Farm |
| 11:34 | Build | Farm |
| 11:49 | Build | Farm |
| 12:01 | Create | Villager (Male) |
| 12:01 | Create | Villager (Male) |
| 12:06 | Create | Villager (Male) |
| 12:21 | Create | Villager (Male) |
| 12:33 | Build | Mining Camp |
| 13:19 | Build | Stable |
| 14:02 | Create | Villager (Male) |
| 14:27 | Research | Castle Age |
| 14:30 | Build | Farm |
| 14:58 | Research | Horse Collar |
| 15:47 | Build | Farm |
| 15:49 | Build | Farm |
| 15:51 | Build | Farm |
| 15:56 | Build | Farm |
| 17:07 | Age | Castle Age |
| 17:12 | Create | Villager (Male) |
| 17:41 | Build | Town Center |
| 17:49 | Research | Town Watch |
| 18:17 | Build | Town Center |
| 18:26 | Create | Villager (Male) |
| 18:32 | Create | Villager (Male) |
| 18:32 | Create | Villager (Male) |
| 18:58 | Research | Wheelbarrow |
| 19:14 | Research | Bow Saw |
| 20:22 | Create | Villager (Male) |
| 20:22 | Create | Villager (Male) |
| 20:25 | Create | Villager (Male) |
| 20:26 | Create | Villager (Male) |
| 20:26 | Create | Villager (Male) |
| 20:56 | Create | Villager (Male) |
| 20:57 | Create | Villager (Male) |
| 20:57 | Create | Villager (Male) |
| 21:01 | Create | Villager (Male) |
| 21:01 | Create | Villager (Male) |
| 21:01 | Create | Villager (Male) |
| 21:01 | Create | Villager (Male) |
| 21:01 | Create | Villager (Male) |
| 21:02 | Create | Villager (Male) |
| 21:02 | Create | Villager (Male) |
| 21:02 | Create | Villager (Male) |
| 21:03 | Create | Villager (Male) |
| 21:03 | Create | Villager (Male) |
| 21:09 | Build | Farm |
| 21:14 | Build | Farm |
| 21:16 | Build | Farm |
| 21:17 | Build | Farm |
| 21:19 | Build | Farm |
| 21:20 | Build | Farm |
| 21:29 | Build | Farm |
| 21:53 | Build | Castle |
| 22:18 | Build | Monastery |
| 22:37 | Create | Villager (Male) |
| 22:39 | Create | Villager (Male) |
| 22:40 | Create | Villager (Male) |
| 23:08 | Create | Monk |
| 23:16 | Build | Farm |
| 23:23 | Create | Villager (Male) |
| 23:24 | Create | Villager (Male) |
| 23:25 | Create | Villager (Male) |
| 23:30 | Build | Farm |
| 23:50 | Create | Villager (Male) |
| 23:52 | Build | Farm |
| 23:56 | Create | Villager (Male) |
| 23:58 | Build | Farm |
| 23:59 | Create | Villager (Male) |
| 24:03 | Create | Monk |
| 24:17 | Build | Farm |
| 24:19 | Create | Villager (Male) |
| 24:20 | Create | Villager (Male) |
| 24:23 | Create | Villager (Male) |
| 24:35 | Build | Farm |
| 25:06 | Build | Farm |
| 25:10 | Build | Farm |
| 25:11 | Create | Villager (Male) |
| 25:13 | Create | Villager (Male) |
| 25:14 | Create | Villager (Male) |
| 25:22 | Build | University |
| 25:42 | Create | Villager (Male) |
| 25:42 | Create | Villager (Male) |
| 25:46 | Build | Farm |
| 25:49 | Build | Farm |
| 25:59 | Research | Imperial Age |
| 26:13 | Research | Heavy Plow |
| 26:17 | Build | Farm |
| 26:21 | Build | Farm |
| 26:28 | Create | Villager (Male) |
| 26:28 | Create | Villager (Male) |
| 26:34 | Create | Villager (Male) |
| 26:34 | Create | Villager (Male) |
| 26:59 | Build | Stable |
| 27:00 | Build | Stable |
| 27:00 | Build | Stable |
| 27:00 | Build | Stable |
| 27:25 | Create | Villager (Male) |
| 27:26 | Create | Villager (Male) |
| 27:30 | Create | Villager (Male) |
| 27:30 | Create | Villager (Male) |
| 27:47 | Research | Bloodlines |
| 27:47 | Research | Husbandry |
| 27:52 | Research | Forging |
| 27:53 | Research | Scale Barding Armor |
| 28:13 | Research | Marauders |
| 28:26 | Research | Masonry |
| 28:27 | Research | Murder Holes |
| 28:28 | Research | Ballistics |
| 28:47 | Create | Villager (Male) |
| 28:47 | Create | Villager (Male) |
| 28:48 | Create | Villager (Male) |
| 28:51 | Create | Villager (Male) |
| 28:54 | Create | Villager (Male) |
| 29:09 | Age | Imperial Age |
| 29:15 | Research | Conscription |
| 29:27 | Build | Stable |
Build order — Zatch
First 150 of 273 actions detected
| 0:01 | Create | Villager (Male) |
| 0:01 | Create | Villager (Male) |
| 0:02 | Create | Villager (Male) |
| 0:02 | Create | Villager (Male) |
| 0:03 | Build | House |
| 0:05 | Build | House |
| 1:27 | Create | Villager (Male) |
| 1:49 | Create | Villager (Male) |
| 2:03 | Build | Lumber Camp |
| 2:26 | Create | Villager (Male) |
| 2:26 | Create | Villager (Male) |
| 3:00 | Create | Villager (Male) |
| 3:00 | Create | Villager (Male) |
| 3:01 | Create | Villager (Male) |
| 3:28 | Build | House |
| 3:41 | Create | Villager (Male) |
| 4:07 | Create | Villager (Male) |
| 4:24 | Create | Villager (Male) |
| 5:23 | Create | Villager (Male) |
| 5:23 | Create | Villager (Male) |
| 5:23 | Create | Villager (Male) |
| 5:31 | Build | House |
| 5:55 | Create | Villager (Male) |
| 6:19 | Create | Villager (Male) |
| 6:52 | Create | Villager (Male) |
| 7:05 | Create | Villager (Male) |
| 7:28 | Create | Villager (Male) |
| 7:33 | Build | Mill |
| 7:40 | Create | Villager (Male) |
| 7:46 | Build | Mill |
| 9:01 | Create | Villager (Male) |
| 9:06 | Research | Feudal Age |
| 9:06 | Research | Feudal Age |
| 9:35 | Build | House |
| 9:45 | Build | House |
| 10:53 | Build | Farm |
| 10:53 | Build | Farm |
| 10:53 | Build | Farm |
| 11:16 | Age | Feudal Age |
| 11:29 | Research | Wheelbarrow |
| 11:47 | Build | Market |
| 11:55 | Build | Blacksmith |
| 12:52 | Research | Castle Age |
| 13:16 | Build | Mining Camp |
| 14:08 | Research | Double-Bit Axe |
| 14:09 | Research | Horse Collar |
| 14:18 | Build | House |
| 15:09 | Build | House |
| 15:32 | Age | Castle Age |
| 15:33 | Build | Town Center |
| 15:36 | Build | Town Center |
| 15:49 | Create | Villager (Male) |
| 15:57 | Build | House |
| 16:14 | Create | Villager (Male) |
| 16:20 | Build | Farm |
| 16:31 | Build | House |
| 16:41 | Create | Villager (Male) |
| 16:46 | Create | Villager (Male) |
| 17:02 | Create | Villager (Male) |
| 17:04 | Build | House |
| 17:05 | Build | House |
| 17:09 | Create | Villager (Male) |
| 17:14 | Create | Villager (Male) |
| 17:21 | Create | Villager (Male) |
| 17:26 | Create | Villager (Male) |
| 17:34 | Create | Villager (Male) |
| 17:47 | Create | Villager (Male) |
| 17:51 | Create | Villager (Male) |
| 17:54 | Build | Farm |
| 17:59 | Build | Farm |
| 18:02 | Build | Farm |
| 18:04 | Build | Farm |
| 18:05 | Create | Villager (Male) |
| 18:07 | Create | Villager (Male) |
| 18:10 | Build | House |
| 18:18 | Build | House |
| 18:22 | Build | House |
| 18:24 | Create | Villager (Male) |
| 18:39 | Create | Villager (Male) |
| 18:48 | Build | Farm |
| 18:51 | Build | Farm |
| 18:51 | Build | Farm |
| 18:52 | Build | Farm |
| 18:54 | Create | Villager (Male) |
| 19:00 | Create | Villager (Male) |
| 19:12 | Build | Castle |
| 19:24 | Create | Villager (Male) |
| 19:31 | Build | Farm |
| 19:32 | Create | Villager (Male) |
| 19:38 | Build | Farm |
| 19:39 | Build | Farm |
| 19:44 | Create | Villager (Male) |
| 19:56 | Build | Mining Camp |
| 20:00 | Build | Farm |
| 20:01 | Create | Villager (Male) |
| 20:06 | Create | Villager (Male) |
| 20:06 | Create | Villager (Male) |
| 20:13 | Build | Farm |
| 20:24 | Build | House |
| 20:32 | Create | Villager (Male) |
| 20:32 | Create | Villager (Male) |
| 20:36 | Create | Villager (Male) |
| 20:55 | Build | Farm |
| 20:56 | Create | Villager (Male) |
| 20:56 | Create | Villager (Male) |
| 20:58 | Build | Farm |
| 21:06 | Build | Farm |
| 21:08 | Create | Villager (Male) |
| 21:17 | Build | Farm |
| 21:17 | Build | Farm |
| 21:18 | Build | Farm |
| 21:19 | Create | Villager (Male) |
| 21:20 | Create | Villager (Male) |
| 21:31 | Build | Farm |
| 21:36 | Build | House |
| 21:38 | Create | Villager (Male) |
| 21:38 | Create | Villager (Male) |
| 21:42 | Create | Villager (Male) |
| 21:42 | Create | Villager (Male) |
| 21:47 | Build | Farm |
| 21:52 | Create | Villager (Male) |
| 21:53 | Create | Villager (Male) |
| 21:53 | Create | Villager (Male) |
| 22:07 | Build | Farm |
| 22:15 | Build | Farm |
| 22:15 | Build | Farm |
| 22:17 | Create | Villager (Male) |
| 22:17 | Create | Villager (Male) |
| 22:21 | Create | Villager (Male) |
| 22:25 | Build | Farm |
| 22:27 | Create | Villager (Male) |
| 22:28 | Create | Villager (Male) |
| 22:31 | Build | Farm |
| 22:32 | Create | Villager (Male) |
| 22:33 | Create | Villager (Male) |
| 22:46 | Research | Bow Saw |
| 22:46 | Research | Bow Saw |
| 22:53 | Create | Villager (Male) |
| 22:54 | Create | Villager (Male) |
| 22:57 | Build | House |
| 22:58 | Build | House |
| 23:00 | Create | Villager (Male) |
| 23:00 | Create | Villager (Male) |
| 23:06 | Build | Farm |
| 23:08 | Create | Villager (Male) |
| 23:18 | Build | Farm |
| 23:19 | Create | Villager (Male) |
| 23:23 | Create | Villager (Male) |
| 23:24 | Create | Villager (Male) |
| 23:25 | Create | Villager (Male) |
Build order — 马大帅
First 150 of 231 actions detected
| 0:02 | Create | Villager (Male) |
| 0:02 | Create | Villager (Male) |
| 0:03 | Create | Villager (Male) |
| 0:03 | Create | Villager (Male) |
| 0:03 | Create | Villager (Male) |
| 0:05 | Build | House |
| 0:06 | Build | House |
| 1:47 | Create | Villager (Male) |
| 1:47 | Create | Villager (Male) |
| 1:54 | Build | Lumber Camp |
| 1:58 | Create | Villager (Male) |
| 2:24 | Create | Villager (Male) |
| 2:24 | Create | Villager (Male) |
| 3:00 | Create | Villager (Male) |
| 3:00 | Create | Villager (Male) |
| 3:22 | Create | Villager (Male) |
| 3:23 | Create | Villager (Male) |
| 3:38 | Build | House |
| 3:39 | Build | House |
| 3:48 | Create | Villager (Male) |
| 4:17 | Build | Mill |
| 4:18 | Create | Villager (Male) |
| 4:18 | Create | Villager (Male) |
| 5:06 | Create | Villager (Male) |
| 5:07 | Create | Villager (Male) |
| 5:47 | Create | Villager (Male) |
| 5:52 | Create | Villager (Male) |
| 6:44 | Create | Villager (Male) |
| 6:45 | Create | Villager (Male) |
| 6:45 | Create | Villager (Male) |
| 7:36 | Create | Villager (Male) |
| 7:38 | Create | Villager (Male) |
| 8:34 | Build | Mining Camp |
| 8:54 | Research | Feudal Age |
| 9:26 | Build | House |
| 11:04 | Age | Feudal Age |
| 11:08 | Create | Villager (Male) |
| 11:08 | Create | Villager (Male) |
| 11:15 | Build | Market |
| 11:22 | Build | Blacksmith |
| 11:24 | Create | Villager (Male) |
| 12:32 | Research | Castle Age |
| 12:52 | Build | House |
| 12:57 | Build | House |
| 13:00 | Build | House |
| 13:20 | Research | Double-Bit Axe |
| 13:26 | Research | Tech 1014 |
| 13:55 | Build | Pasture |
| 14:07 | Build | House |
| 14:08 | Build | House |
| 14:42 | Build | Pasture |
| 14:50 | Build | House |
| 15:04 | Create | Villager (Male) |
| 15:05 | Create | Villager (Male) |
| 15:12 | Age | Castle Age |
| 15:15 | Build | Town Center |
| 15:25 | Build | Town Center |
| 15:42 | Build | House |
| 15:43 | Build | House |
| 16:03 | Create | Villager (Male) |
| 16:03 | Create | Villager (Male) |
| 16:32 | Create | Villager (Male) |
| 16:33 | Create | Villager (Male) |
| 16:39 | Build | Pasture |
| 16:44 | Build | Pasture |
| 16:47 | Create | Villager (Male) |
| 16:56 | Create | Villager (Male) |
| 16:57 | Create | Villager (Male) |
| 17:00 | Create | Villager (Male) |
| 17:09 | Build | House |
| 17:11 | Build | House |
| 17:22 | Create | Villager (Male) |
| 17:27 | Create | Villager (Male) |
| 17:29 | Build | Pasture |
| 17:42 | Build | Pasture |
| 17:45 | Create | Villager (Male) |
| 17:53 | Build | House |
| 17:59 | Create | Villager (Male) |
| 17:59 | Create | Villager (Male) |
| 18:00 | Create | Villager (Male) |
| 18:06 | Build | Pasture |
| 18:20 | Create | Villager (Male) |
| 18:28 | Build | House |
| 18:32 | Create | Villager (Male) |
| 18:36 | Build | Pasture |
| 18:38 | Create | Villager (Male) |
| 18:49 | Create | Villager (Male) |
| 18:58 | Build | Town Center |
| 19:02 | Create | Villager (Male) |
| 19:02 | Create | Villager (Male) |
| 19:07 | Create | Villager (Male) |
| 19:19 | Build | Pasture |
| 19:25 | Build | Pasture |
| 19:27 | Create | Villager (Male) |
| 19:28 | Create | Villager (Male) |
| 19:41 | Build | Pasture |
| 19:43 | Create | Villager (Male) |
| 19:43 | Create | Villager (Male) |
| 19:53 | Create | Villager (Male) |
| 19:54 | Create | Villager (Male) |
| 19:55 | Build | House |
| 19:56 | Build | House |
| 19:57 | Build | House |
| 20:00 | Create | Villager (Male) |
| 20:06 | Build | Pasture |
| 20:12 | Create | Villager (Male) |
| 20:12 | Create | Villager (Male) |
| 20:25 | Build | Pasture |
| 20:31 | Build | Pasture |
| 20:35 | Create | Villager (Male) |
| 20:36 | Create | Villager (Male) |
| 20:36 | Create | Villager (Male) |
| 20:47 | Build | Pasture |
| 20:50 | Create | Villager (Male) |
| 20:57 | Create | Villager (Male) |
| 21:03 | Research | Wheelbarrow |
| 21:09 | Build | House |
| 21:11 | Build | House |
| 21:13 | Create | Villager (Male) |
| 21:13 | Create | Villager (Male) |
| 21:28 | Create | Villager (Male) |
| 21:28 | Create | Villager (Male) |
| 21:40 | Create | Villager (Male) |
| 21:52 | Research | Loom |
| 22:00 | Create | Villager (Male) |
| 22:01 | Create | Villager (Male) |
| 22:19 | Research | Hand Cart |
| 22:21 | Create | Villager (Male) |
| 22:21 | Create | Villager (Male) |
| 22:24 | Research | Town Watch |
| 22:28 | Build | House |
| 22:29 | Build | House |
| 22:29 | Build | House |
| 22:33 | Create | Villager (Male) |
| 22:33 | Create | Villager (Male) |
| 22:41 | Research | Tech 1013 |
| 22:55 | Research | Bow Saw |
| 23:06 | Build | University |
| 23:10 | Build | Monastery |
| 23:12 | Create | Villager (Male) |
| 23:14 | Create | Villager (Male) |
| 23:15 | Create | Villager (Male) |
| 23:16 | Create | Villager (Male) |
| 23:23 | Build | Pasture |
| 23:27 | Build | Pasture |
| 23:32 | Build | Pasture |
| 23:39 | Build | Pasture |
| 23:40 | Create | Villager (Male) |
| 23:40 | Create | Villager (Male) |
| 23:40 | Create | Villager (Male) |
Match timeline
| 9:02 | HAWK9196 · first_building Barracks |
| 10:14 | 大葫芦宝 · age_up feudal |
| 10:32 | HAWK9196 · age_up feudal |
| 10:57 | 大葫芦宝 · first_building Barracks |
| 11:04 | 马大帅 · age_up feudal |
| 11:05 | fatmuddybear · age_up feudal |
| 11:08 | 网红宝马一哥 · age_up feudal |
| 11:13 | cas · age_up feudal |
| 11:16 | Zatch · age_up feudal |
| 12:00 | 擎天柱 · age_up feudal |
| 12:04 | fatmuddybear · first_market_sell 100 wood |
| 12:37 | cas · first_building Stable |
| 12:48 | Zatch · first_market_sell 100 food |
| 13:05 | HAWK9196 · resign |
| 13:19 | 大葫芦宝 · first_building Stable |
| 14:52 | 网红宝马一哥 · age_up castle |
| 15:12 | 马大帅 · age_up castle |
| 15:32 | Zatch · age_up castle |
| 15:33 | 擎天柱 · age_up castle |
| 17:07 | 大葫芦宝 · age_up castle |
| 17:58 | 马大帅 · first_market_buy 100 food |
| 19:12 | Zatch · first_building Castle |
| 21:53 | 大葫芦宝 · first_building Castle |
| 22:18 | 大葫芦宝 · first_building Monastery |
| 22:43 | Zatch · first_market_buy 100 food |
| 23:10 | 马大帅 · first_building Monastery |
| 24:11 | 网红宝马一哥 · first_building Barracks |
| 24:16 | 马大帅 · first_building Barracks |
| 24:23 | 擎天柱 · first_building Castle |
| 24:24 | 马大帅 · first_building Siege Workshop |
| 24:28 | Zatch · first_building Barracks |
| 25:04 | 网红宝马一哥 · first_building Monastery |
| 25:20 | 马大帅 · first_market_sell 100 wood |
| 25:25 | 擎天柱 · first_building Siege Workshop |
| 25:53 | 网红宝马一哥 · first_building Castle |
| 26:06 | 网红宝马一哥 · first_building Archery Range |
| 26:06 | 马大帅 · first_building Castle |
| 26:42 | 擎天柱 · first_building Barracks |
| 28:04 | 擎天柱 · first_building Stable |
| 28:38 | 马大帅 · age_up imperial |
| 29:09 | 大葫芦宝 · age_up imperial |
| 29:37 | 擎天柱 · age_up imperial |
| 29:52 | 网红宝马一哥 · age_up imperial |
| 29:57 | 擎天柱 · first_market_sell 100 food |
| 30:05 | 大葫芦宝 · first_building Siege Workshop |
| 30:05 | 网红宝马一哥 · first_market_sell 100 food |
| 30:27 | Zatch · age_up imperial |
| 30:42 | Zatch · first_building Siege Workshop |
| 30:51 | 擎天柱 · first_building Archery Range |
[ AI ANALYSIS · 1 CREDIT ]
What really happened in this match?
Wolo.gg analyzes every decision: build order, eco, micro, common mistakes by bracket. Personalized analysis on WhatsApp or Discord in 30 seconds.
Civ guide
Hindustanis
Map guide
Arena
Perfil
擎天柱